 Dungeon Crawl Stone Soup version 0.25-a0-435-g4b9beb1024 (webtiles) character file.

Game seed: 6189195901231749707, levelgen mode: deterministic

525029 Roikka the Impaler (level 24, -9/221 HPs)
             Began as a Centaur Fighter on Jan 25, 2020.
             Was the Champion of Okawaru.
             Mangled by a stone giant (15 damage)
             ... on level 5 of the Vaults on Jan 27, 2020.
             The game lasted 04:27:26 (65788 turns).

Roikka the Impaler (Centaur Fighter)               Turns: 65788, Time: 04:27:27

Health: -9/221     AC: 36    Str: 37    XL:     24   Next: 77%
Magic:  32/32      EV:  5    Int:  9    God:    Okawaru [******]
Gold:   4386       SH: 37    Dex: 11    Spells: 23/23 levels left

rFire    + + .     SeeInvis +   b - +9 demon trident (elec)
rCold    + . .     Gourm    .   Y - +8 large shield {reflect}
rNeg     + + .     Faith    .   X - +8 chain mail "Kuxaek" {rPois rN+ Str+6}
rPois    +         Spirit   .   H - +0 helmet of Mosmempi {rF+ MR+}
rElec    .         Reflect  +   u - scarf {rC+ rF+}
rCorr    .         Harm     .   G - +2 pair of gloves of the Sneaky Continents {rPois MR+ Stlth-}
MR       ++++.                  T - +5 centaur barding "Yfoiplye" {rN+ Int+2 SInv}
Stlth    ..........             C - +4 amulet of reflection
HPRegen  0.46/turn              x - ring "Pupogat" {Fire MR+ Slay+4}
MPRegen  0.23/turn              B - ring of the Morning {Ice rPois Str+4 Dex-2 Stlth+}

@: lethally poisoned (-9 -> -11), very quick
A: large, hooves 3, deformed body, speed 2, tough skin 3
}: 2/15 runes: serpentine, barnacled
a: Heroism, Finesse, Renounce Religion


You were on level 5 of the Vaults.
You worshipped Okawaru.
Okawaru was exalted by your worship.
You were not hungry.

You visited 9 branches of the dungeon, and saw 45 of its levels.
You also visited: Sewer, Gauntlet and Ice Cave.

You collected 5257 gold pieces.
You spent 871 gold pieces at shops.

Inventory:

Hand Weapons
 b - a +9 demon trident of electrocution (weapon)
Missiles
 Q - 7 throwing nets
 U - 36 javelins (quivered)
 V - 79 silver javelins
Armour
 a - +0 gold dragon scales
 u - a scarf of resistance (worn)
 z - a scarf of cloud immunity
 G - the +2 pair of gloves of the Sneaky Continents (worn) {rPois MR+ Stlth-}
   (You found it on level 3 of the Depths)

   It protects you from poison.
   It affects your resistance to hostile enchantments.
   It makes you less stealthy.
   If you remove this armour, your AC will fall 3 points (36 -> 33)
 H - the +0 helmet of Mosmempi (worn) {rF+ MR+}
   (You found it in a Gauntlet)

   It protects you from fire.
   It affects your resistance to hostile enchantments.
   If you remove this armour, your AC will fall 1 point (36 -> 35)
 O - a scarf of spirit shield
 T - the +5 centaur barding "Yfoiplye" (worn) {rN+ Int+2 SInv}
   (Okawaru gifted it to you on level 4 of the Vaults)

   It affects your intelligence (+2).
   It protects you from negative energy.
   It lets you see invisible.
   If you remove this armour, your AC will fall 11 points (36 -> 25)
 X - the +8 chain mail "Kuxaek" (worn) {rPois rN+ Str+6}
   (Okawaru gifted it to you on level 4 of the Shoals)

   It affects your strength (+6).
   It protects you from poison.
   It protects you from negative energy.
   If you remove this armour, your AC will fall 17 points (36 -> 19)
 Y - a +8 large shield of reflection (worn)
Jewellery
 x - the ring "Pupogat" (left hand) {Fire MR+ Slay+4}
   (You took it off a deep elf elementalist on level 3 of the Elven Halls)

   [ring of fire]

   It enhances your fire magic.
   It affects your accuracy and damage with ranged weapons and melee attacks
   (+4).
   It protects you from fire.
   It makes you vulnerable to cold.
   It affects your resistance to hostile enchantments.
 y - an uncursed ring of resist corrosion
 A - an uncursed amulet of regeneration
 B - the ring of the Morning (right hand) {Ice rPois Str+4 Dex-2 Stlth+}
   (You took it off a deep elf annihilator on level 3 of the Elven Halls)

   [ring of ice]

   It enhances your ice magic.
   It affects your strength (+4).
   It affects your dexterity (-2).
   It makes you vulnerable to fire.
   It protects you from cold.
   It protects you from poison.
   It makes you more stealthy.
 C - a +4 amulet of reflection (around neck)
 P - the ring "Huurank" {Dex+3 SInv}
   (You found it in a Gauntlet)

   [ring of dexterity]

   It affects your dexterity (+3).
   It lets you see invisible.
 R - the ring "Muetiwo" {MP+9 Dex+6}
   (You took it off a minotaur in a Gauntlet)

   [ring of magical power]

   It affects your dexterity (+6).
   It affects your magic capacity (+9).
Wands
 g - a wand of acid (13)
 n - a wand of clouds (6)
 s - a wand of iceblast (46)
 D - a wand of digging (9)
Scrolls
 e - 29 scrolls of remove curse
 l - a scroll of fear
 t - 3 scrolls of fog
 E - 3 scrolls of torment
 F - a scroll of silence
 I - 22 scrolls of identify
 J - 13 scrolls of teleportation
 K - 2 scrolls of magic mapping
 N - 3 scrolls of blinking
 S - 6 scrolls of enchant weapon
 W - a scroll of holy word
Potions
 c - a potion of berserk rage
 d - 7 potions of might
 i - 20 potions of curing
 j - 5 potions of cancellation
 k - 4 potions of agility
 m - 12 potions of haste
 o - 2 potions of invisibility
 p - 5 potions of heal wounds
 r - 3 potions of flight
 w - a potion of resistance
 M - 4 potions of mutation
Miscellaneous
 q - a lamp of fire
 v - a lightning rod (4/4)
 L - 4 phantom mirrors
Comestibles
 f - 80 rations
 h - 22 chunks of flesh


   Skills:
 + Level 19.3 Fighting
 * Level 20.0 Polearms
 - Level 6.0 Throwing
 - Level 14.0 Armour
 * Level 18.8 Shields
 - Level 13.0 Invocations
 - Level 10.0 Evocations


You had 23 spell levels left.
You didn't know any spells.
Your spell library contained the following spells:

 Spells                   Type           Power        Failure   Level  Hunger
 Animate Skeleton         Necr           N/A          73%         1    ##.....
 Beastly Appendage        Tmut           #.....       73%         1    ##.....
 Corona                   Hex            #......      73%         1    ##.....
 Foxfire                  Conj/Fire      #...         73%         1    ##.....
 Pain                     Necr           #...         73%         1    ##.....
 Sandblast                Erth           #.....       73%         1    ##.....
 Summon Small Mammal      Summ           #...         73%         1    ##.....
 Blink                    Tloc           N/A          86%         2    ###....
 Call Imp                 Summ           #.......     86%         2    ###....
 Corpse Rot               Necr/Air       N/A          86%         2    ###....
 Ensorcelled Hibernation  Hex/Ice        #.....       86%         2    ###....
 Passwall                 Tmut/Erth      #.......     86%         2    ###....
 Poisonous Vapours        Pois/Air       #.....       86%         2    ###....
 Shroud of Golubria       Chrm/Tloc      #.....       86%         2    ###....
 Sticks to Snakes         Tmut           #.......     86%         2    ###....
 Call Canine Familiar     Summ           #.......     97%         3    ####...
 Confusing Touch          Hex            #.......     97%         3    ####...
 Conjure Flame            Conj/Fire      #.......     97%         3    ####...
 Dazzling Flash           Conj/Hex       #.....       97%         3    ####...
 Gell's Gravitas          Tloc           #.........   97%         3    ####...
 Ignite Poison            Fire/Tmut/Pois #.......     97%         3    ####...
 Inner Flame              Hex/Fire       #.......     97%         3    ####...
 Lesser Beckoning         Tloc           #.........   97%         3    ####...
 Ozocubu's Armour         Chrm/Ice       #.......     97%         3    ####...
 Portal Projectile        Hex/Tloc       #.....       97%         3    ####...
 Spider Form              Tmut/Pois      #.........   97%         3    ####...
 Stone Arrow              Conj/Erth      #.....       97%         3    ####...
 Summon Guardian Golem    Hex/Summ       #.......     97%         3    ####...
 Teleport Other           Tloc           #.......     97%         3    ####...
 Tukima's Dance           Hex            #.......     97%         3    ####...
 Vampiric Draining        Necr           #.........   97%         3    ####...
 Animate Dead             Necr           N/A          100%        4    #####..
 Cause Fear               Hex            #.........   100%        4    #####..
 Hailstorm                Conj/Ice       #.......     100%        4    #####..
 Ice Form                 Ice/Tmut       #.......     100%        4    #####..
 Leda's Liquefaction      Hex/Erth       #.........   100%        4    #####..
 Passage of Golubria      Tloc           N/A          100%        4    #####..
 Petrify                  Tmut/Erth      #.......     100%        4    #####..
 Sticky Flame             Conj/Fire      #.......     100%        4    #####..
 Summon Ice Beast         Ice/Summ       #.......     100%        4    #####..
 Summon Lightning Spire   Summ/Air       #.......     100%        4    #####..
 Agony                    Necr           #.......     100%        5    ######.
 Blade Hands              Tmut           #.........   100%        5    ######.
 Bolt of Magma            Conj/Fire/Erth #.........   100%        5    ######.
 Fireball                 Conj/Fire      #.........   100%        5    ######.
 Irradiate                Conj/Tmut      #.........   100%        5    ######.
 Lee's Rapid Deconstruct  Erth           #.........   100%        5    ######.
 Metabolic Englaciation   Hex/Ice        #.........   100%        5    ######.
 Silence                  Hex/Air        #.........   100%        5    ######.
 Summon Forest            Summ/Tloc      #.........   100%        5    ######.
 Yara's Violent Unravell  Hex/Tmut       #.........   100%        5    ######.
 Conjure Ball Lightning   Conj/Air       #.........   100%        6    #######
 Deflect Missiles         Chrm/Air       #.........   100%        6    #######
 Dispersal                Tloc           #.........   100%        6    #######
 Eringya's Noxious Bog    Tmut/Pois      #.........   100%        6    #######
 Freezing Cloud           Conj/Ice/Air   #.........   100%        6    #######
 Hydra Form               Tmut           #.........   100%        6    #######
 Starburst                Conj/Fire      #.........   100%        6    #######
 Statue Form              Tmut/Erth      #........    100%        6    #######
 Dragon Form              Tmut           #.........   100%        7    #######
 Malign Gateway           Summ/Tloc      #.........   100%        7    #######
 Monstrous Menagerie      Summ           #.........   100%        7    #######
 Ring of Flames           Chrm/Fire      #.........   100%        7    #######
 Summon Greater Demon     Summ           #.........   100%        7    #######
 Summon Hydra             Summ           #.........   100%        7    #######
 Controlled Blink         Tloc           N/A          100%        8    #######
 Disjunction              Tloc           #.........   100%        8    #######
 Ignition                 Fire           #.........   100%        8    #######
 Summon Horrible Things   Summ           #.........   100%        8    #######
 Dragon's Call            Summ           #.........   100%        9    #######
 Tornado                  Air            #.........   100%        9    #######


Dungeon Overview and Level Annotations

Branches:
Dungeon (15/15)            Temple (1/1) D:6            Lair (6/6) D:10
 Shoals (4/4) Lair:4        Snake (4/4) Lair:3        Slime (0/5) Lair:5
    Orc (2/2) D:10            Elf (3/3) Orc:2        Vaults (5/5) D:13
  Crypt (0/3) Vaults:3     Depths (5/5) D:15            Zot (0/5) Depths:5
  Sewer (visited)           IceCv (visited)         Gauntlet (visited)

Altars:
Ashenzari
Makhleb
Okawaru
Trog
Xom
The Shining One
Beogh
Jiyva

Shops:
D:5 ?   D:10 [   D:11 *=   Orc:2 *(!=*}   Vaults:4 =   Depths:2 =[
Depths:4 =}=

Portals:
Hell: Depths:1 Depths:2 Depths:3 Depths:4 Depths:5
Abyss: Depths:4
Pandemonium: Depths:3 Depths:4
Ziggurat: Depths:1
Trove: Depths:2 (give +7 demon whip)

Annotations:
D:9 1 runed translucent door, exclusion: orange crystal statue
D:10 exclusions: orange crystal statue and 2 more exclusions


Innate Abilities, Weirdness & Mutations

You have hooves in place of feet.
Armour fits poorly on your strangely shaped body.
You cover ground very quickly.
You have extremely tough skin. (AC +3)


Message History

There is a stone staircase leading up here.
You feel much better.
You feel sick.
The ancient lich conjures an orb of pure magic.
The wavering orb of destruction weakly hits you!!
* * * LOW HITPOINT WARNING * * *
You block the stone giant's attack. x2; You block the vault guard's attack.
The tengu reaver is empowered by the deep elf high priest's aura!
The tengu reaver casts a spell.
The tengu reaver conjures a globe of magical energy!
A battlesphere comes into view.
You feel sick.
The ancient lich points at you and mumbles some strange words.
You resist with almost no effort.
The stone giant hits you but does no damage.
You block the tengu reaver's attack.
The tengu reaver pecks you but does no damage.
You block the tengu reaver's attack.
The deep elf mage gestures wildly while chanting.
The stone giant hits you!
You die...

..## #....#....## #..
#....#.....##
#..###....#......#
#(.#E...#.......
#..☼c....D......
######eE)TCp..########
......EcQCpp..........
.....*.DLCp..)........
.....?.Q@CQ*).........
.........<<..(........
######..(.....########
#C(.......(.
#.O.#....#...(
....##....##..## ....#
#....# .## .... #....#
.#


You could see an ancient lich, a storm dragon, a frost giant, 3 stone giants, 3
tengu reavers, 2 yaktaur captains, 3 vault guards, an ettin, a two-headed ogre,
a deep troll, an ironbrand convoker, a deep elf mage, 3 fire elementals, a steam
dragon and 2 battlespheres.

Vanquished Creatures
  A juggernaut (Depths:2)
  Boris (twice) (Vaults:4 Depths:2)
  Margery (Vaults:3)
  Vashnia (Snake:4)
  Xtahua (Vaults:3)
  Saint Roka (Depths:4)
  5 golden dragons
  A bone dragon (Depths:5)
  A hellephant (Depths:1)
  3 tentacled monstrosities
  Rupert (Orc:2)
  2 deep elf blademasters (Elf:3)
  A deep elf master archer (Elf:3)
  The ghost of Taschum the Severer, an adept DrAK of Lugonu (Vaults:4)
  An ancient champion (Vaults:2)
  2 sphinxes (Depths:2)
  Agnes (Elf:2)
  Roxanne (Elf:1)
  Kirke (Elf:1)
  3 storm dragons
  4 shadow dragons
  2 krakens (Shoals:3)
  7 tengu reavers
  7 nagarajas (Snake:4)
  6 deep elf sorcerers
  A draconian knight (Depths:5)
  5 fire giants
  7 frost giants
  12 vault wardens
  Aizul (Snake:1)
  3 orc warlords
  A curse skull (Vaults:3)
  6 deep elf elementalists
  A war gargoyle (Vaults:4)
  A draconian annihilator (Depths:5)
  22 very ugly things
  12 ironheart preservers
  An entropy weaver (Vaults:2)
  5 vampire knights
  8 deep elf annihilators
  12 stone giants
  Azrael (Snake:3)
  4 deep elf demonologists
  A red draconian (Depths:5)
  A minotaur (Gauntlet)
  2 purple draconians (Depths:5)
  3 green draconians (Depths:5)
  6 spark wasps
  6 dire elephants
  A yellow draconian (Depths:5)
  4 merfolk javelineers
  3 deep elf death magi
  15 fire dragons
  14 ettins
  9 yaktaur captains
  7 merfolk impalers
  3 deep elf high priests (Elf:3)
  11 great orbs of eyes
  30 vault guards
  2 merfolk avatars
  6 hydras
  16 naga warriors
  Harold (Lair:1)
  13 ice dragons
  7 spriggan air magi
  An alligator snapping turtle (Shoals:2)
  3 death knights
  Erica (D:9)
  3 satyrs (Shoals:4)
  9 centaur warriors
  58 two-headed ogres
  A catoblepas (D:13)
  4 merfolk aquamancers (Shoals:4)
  17 ogre magi
  A vampire mage (Depths:3)
  15 anacondas
  12 naga sharpshooters
  2 spriggan berserkers
  A shock serpent (shapeshifter) (Vaults:2)
  2 tengu warriors
  17 deep troll shamans
  22 dancing weapons
  An orc high priest (Elf:2)
  7 deep troll earth magi
  Urug (Lair:5)
  7 shock serpents
  10 hell knights
  14 deep elf knights
  4 salamander mystics
  4 iron trolls
  A golden dragon zombie (Depths:4)
  6 skeletal warriors
  A shadow wraith (Vaults:4)
  8 unseen horrors
  A glowing orange brain (Depths:5)
  9 sea snakes
  A sea snake (shapeshifter) (Vaults:4)
  6 deep elf archers
  7 flayed ghosts
  A swamp dragon (Lair:6)
  3 wizards
  14 ironbrand convokers
  35 deep trolls
  An unseen horror (shapeshifter) (Depths:5)
  27 orc knights
  4 phantasmal warriors
  15 naga ritualists
  6 necromancers
  A tengu skeleton (Depths:4)
  10 mana vipers
  2 harpies (shapeshifter) (D:14)
  11 wolf spiders
  19 harpies
  A shadow dragon skeleton (Vaults:3)
  47 ugly things
  4 orc sorcerers
  42 deep elf magi
  A wolf spider zombie (D:15)
  22 fauns
  9 salamanders
  24 elephants
  12 merfolk sirens
  8 cyclopes
  14 manticores
  2 cyclopes (shapeshifter)
  A black mamba (shapeshifter) (Vaults:3)
  A guardian serpent (shapeshifter) (Depths:2)
  3 ice statues (IceCv)
  28 black mambas
  An apocalypse crab (Gauntlet)
  A gargoyle (D:13)
  16 vault sentinels
  12 naga magi
  Maurice (Orc:2)
  2 torpor snails (Lair:5)
  2 water nymphs
  9 spiny frogs
  12 guardian serpents
  A spiny frog (shapeshifter) (Vaults:4)
  7 komodo dragons
  11 ice devils (IceCv)
  7 freezing wraiths
  36 yaktaurs
  A human skeleton (Vaults:3)
  A tengu conjurer (Depths:3)
  31 merfolk
  3 meliai (shapeshifter)
  A wolf spider simulacrum (Gauntlet)
  A merfolk (shapeshifter) (Vaults:2)
  3 hornets
  8 trolls
  A queen bee (Lair:3)
  2 wind drakes
  2 polar bears (Lair:4)
  Prince Ribbit (D:5)
  A jumping spider (shapeshifter) (Vaults:2)
  A raiju (shapeshifter) (Vaults:3)
  A wind drake (shapeshifter) (Vaults:2)
  48 slime creatures
  10 snapping turtles
  4 hippogriffs
  16 dream sheep
  16 blink frogs
  A hippogriff (shapeshifter) (Vaults:3)
  A spriggan (Depths:5)
  2 shadows
  3 wyverns
  4 wraiths
  An elf zombie (Depths:4)
  9 water elementals
  8 basilisks
  3 redbacks (Vaults:2)
  2 fire elementals (Snake:3)
  38 yaks
  6 steam dragons
  4 hogs (Elf:1)
  A hungry ghost (D:12)
  A neqoxec (Gauntlet)
  17 vampire mosquitoes
  A yaktaur simulacrum (Vaults:3)
  7 wargs
  3 chaos spawn (Gauntlet)
  A human simulacrum (Vaults:3)
  2 acid dragons
  7 porcupines
  18 water moccasins
  4 floating eyes
  53 nagas
  A soldier ant (D:15)
  2 hell hounds (Snake:3)
  A swamp drake (shapeshifter) (Vaults:1)
  51 orc warriors
  An ice beast (D:7)
  An ice dragon simulacrum (Gauntlet)
  5 sky beasts
  An eye of draining (D:15)
  A swamp drake (Lair:6)
  2 necrophages
  5 boggarts
  3 phantoms
  3 wolves (Lair:4)
  43 ogres
  23 centaurs
  13 crocodiles
  5 big kobolds (Sewer)
  24 bullfrogs
  4 earth elementals
  A wyvern zombie (D:12)
  A wyvern skeleton (D:14)
  A hornet simulacrum (Gauntlet)
  3 scorpions
  31 killer bees
  3 wights (D:11)
  2 electric eels
  3 lava snakes
  2 howler monkeys
  5 crimson imps
  A bullfrog zombie (D:9)
  2 centaur skeletons
  A draconian simulacrum (IceCv)
  4 hounds
  6 jellies
  34 orc priests
  A bullfrog skeleton (D:13)
  30 orc wizards
  9 iguanas
  A spriggan simulacrum (IceCv)
  6 worker ants
  2 troll simulacra (IceCv)
  5 centaur simulacra
  19 adders
  2 naga simulacra (IceCv)
  A river rat (Sewer)
  An ogre simulacrum (IceCv)
  5 shadow imps
  3 oozes (Sewer)
  An adder skeleton (D:4)
  An adder zombie (D:7)
  6 worms
  3 dart slugs
  11 leopard geckos
  114 orcs
  4 giant cockroaches
  3 goblins
  4 hobgoblins
  14 jackals
  15 kobolds
  6 quokkas
  8 ball pythons
  8 bats
  4 frilled lizards
  A giant cockroach zombie (D:6)
  A jackal zombie (D:8)
  18 rats
  7 plants
  8 tentacles (Shoals:3)
2024 creatures vanquished.

Vanquished Creatures (collateral kills)
  Sojobo (Vaults:2)
  Jorgrun (Elf:1)
  A stone giant (Vaults:4)
  2 hippogriffs (Lair:6)
  A hog (Elf:1)
6 creatures vanquished.

Vanquished Creatures (others)
  Boris (Vaults:3)
  A lich (Depths:3)
  A deep elf master archer (Elf:3)
  2 ironheart preservers
  A stone giant (Depths:2)
  6 yaktaur captains
  3 centaur warriors
  2 naga sharpshooters
  A shock serpent (Snake:4)
  A salamander mystic (Snake:4)
  An unseen horror (Vaults:1)
  4 deep elf archers
  A necromancer (Vaults:3)
  3 fauns
  A salamander (Snake:1)
  2 cyclopes
  A naga mage (Snake:4)
  5 yaktaurs
  9 centaurs
  An orc (Vaults:3)
  2 fungi (Lair:3)
  67 plants
  7 tentacles (Shoals:3)
123 creatures vanquished.

Grand Total: 2153 creatures vanquished

Notes
Turn   | Place    | Note
-------+----------+-------------------------------------------
     0 | D:1      | Roikka the Centaur Fighter began the quest for the Orb.
     0 | D:1      | Reached XP level 1. HP: 19/19 MP: 1/1
    71 | D:1      | Reached skill level 2 in Polearms
   209 | D:1      | Reached XP level 2. HP: 26/26 MP: 2/2
   614 | D:2      | You fall into a shaft and drop 1 floor!
   708 | D:3      | Reached XP level 3. HP: 21/31 MP: 3/3
   971 | D:3      | Reached skill level 3 in Polearms
   971 | D:3      | Reached XP level 4. HP: 30/38 MP: 4/4
  1092 | D:3      | Found a shattered altar of Ashenzari.
  1138 | D:3      | Found a glowing drain.
  1143 | Sewer    | Entered a sewer
  1318 | Sewer    | Noticed a big kobold
  1318 | Sewer    | Noticed a big kobold
  1332 | Sewer    | Killed a big kobold
  1332 | Sewer    | Reached XP level 5. HP: 42/45 MP: 5/5
  1349 | Sewer    | Reached skill level 4 in Polearms
  1422 | Sewer    | Reached XP level 6. HP: 35/51 MP: 6/6
  1894 | D:2      | Found a faded altar of an unknown god.
  1896 | D:2      | Reached XP level 7. HP: 57/57 MP: 7/7
  2905 | D:4      | Found an iron altar of Okawaru.
  2908 | D:4      | Became a worshipper of Warmaster Okawaru
  3017 | D:4      | Noticed a hungry ghost
  3423 | D:5      | Entered Level 5 of the Dungeon
  3451 | D:5      | Reached skill level 5 in Shields
  3495 | D:5      | Reached skill level 5 in Polearms
  3719 | D:5      | Noticed Prince Ribbit
  3990 | D:5      | Killed Prince Ribbit
  4266 | D:5      | Reached XP level 8. HP: 63/63 MP: 8/8
  4446 | D:5      | Reached * piety under Okawaru
  4515 | D:5      | Found Doq Jeplie's Magic Scroll Shoppe.
  4541 | D:5      | Bought a scroll of identify for 24 gold pieces
  4541 | D:5      | Bought a scroll of identify for 24 gold pieces
  4798 | D:6      | Reached skill level 6 in Polearms
  5446 | D:6      | Found a staircase to the Ecumenical Temple.
  5455 | Temple   | Entered the Ecumenical Temple
  5523 | D:7      | Found a runed translucent door.
  5834 | D:7      | Reached ** piety under Okawaru
  6070 | D:7      | Reached skill level 7 in Polearms
  6553 | D:7      | Reached skill level 1 in Invocations
  6553 | D:7      | Reached XP level 9. HP: 15/70 MP: 9/9
  7068 | D:7      | Found a roughly hewn altar of Beogh.
  7286 | D:8      | Reached *** piety under Okawaru
  8722 | D:9      | Found a runed translucent door.
  8740 | D:9      | Found a runed translucent door.
  9283 | D:9      | Noticed a two-headed ogre
  9291 | D:9      | Killed a two-headed ogre
  9291 | D:9      | Reached **** piety under Okawaru
  9291 | D:9      | Reached skill level 5 in Fighting
  9291 | D:9      | Reached skill level 8 in Polearms
  9291 | D:9      | Reached XP level 10. HP: 81/81 MP: 11/11
  9605 | D:9      | Found a runed translucent door.
  9622 | D:9      | Found a runed translucent door.
  9625 | D:9      | Noticed Erica
  9733 | D:9      | Noticed an orange crystal statue
  9827 | D:9      | Killed Erica
  9827 | D:9      | Reached ***** piety under Okawaru
 10112 | D:10     | Entered Level 10 of the Dungeon
 10480 | D:10     | Found a staircase to the Orcish Mines.
 10578 | D:10     | Noticed an orange crystal statue
 10740 | D:10     | Reached skill level 5 in Armour
 10809 | D:10     | Killed an unseen horror
 10809 | D:10     | Reached skill level 9 in Polearms
 11324 | D:10     | Killed an unseen horror
 11678 | D:10     | Found a staircase to the Lair.
 11745 | D:10     | Reached XP level 11. HP: 72/89 MP: 12/12
 12416 | D:10     | Found Seucuc's Armour Shop.
 12600 | D:11     | Found Fola Qoi's General Store.
 12604 | D:11     | Bought a scroll of noise for 13 gold pieces
 13649 | D:11     | Found Eguus's Jewellery Shop.
 14422 | Lair:1   | Entered Level 1 of the Lair of Beasts
 14428 | D:10     | Received a gift from Okawaru
 14431 | D:10     | Got a polished spear {god gift}
 14433 | D:10     | Identified the +1 spear of Yreick {venom, rElec Str+3}
                  | (Okawaru gifted it to you on level 10 of the Dungeon)
 14942 | Lair:1   | Reached skill level 10 in Polearms
 15066 | Lair:1   | Noticed a seven-headed hydra
 15103 | Lair:1   | Killed a seven-headed hydra
 15673 | Lair:2   | Reached skill level 5 in Invocations
 15729 | Lair:2   | Reached ****** piety under Okawaru
 15732 | Lair:2   | Noticed Harold
 16055 | Lair:1   | Received a gift from Okawaru
 16162 | Lair:1   | Reached XP level 12. HP: 85/101 MP: 16/16
 16204 | Lair:1   | Killed Harold
 17197 | Lair:3   | Noticed a five-headed hydra
 17245 | Lair:3   | Killed a five-headed hydra
 17618 | Lair:3   | Reached skill level 11 in Polearms
 18521 | Lair:3   | Found a staircase to the Snake Pit.
 18697 | Lair:3   | Noticed an eight-headed hydra
 18754 | Lair:3   | Killed an eight-headed hydra
 19172 | Lair:4   | Received a gift from Okawaru
 19249 | Lair:4   | Found a staircase to the Shoals.
 19451 | Lair:4   | Received a gift from Okawaru
 19470 | Lair:4   | Reached skill level 10 in Fighting
 19668 | Lair:4   | Reached XP level 13. HP: 108/113 MP: 19/19
 20247 | Lair:5   | Found a staircase to the Slime Pits.
 20247 | Lair:5   | Found a viscous altar of Jiyva.
 20251 | Lair:5   | Found a frozen archway.
 20268 | IceCv    | Entered an ice cave
 20426 | IceCv    | Reached skill level 12 in Polearms
 21613 | Lair:5   | Reached skill level 10 in Invocations
 22070 | Lair:5   | Learned a level 1 spell: Animate Skeleton
 22089 | Lair:5   | Noticed Urug
 22117 | Lair:5   | Killed Urug
 22117 | Lair:5   | Received a gift from Okawaru
 22118 | Lair:5   | Got a warped hand crossbow {god gift}
 22121 | Lair:5   | Identified the +2 hand crossbow of Eternal Harmony {penet,
                  | rN+ MR+} (Okawaru gifted it to you on level 5 of the Lair
                  | of Beasts)
 22550 | Lair:6   | Entered Level 6 of the Lair of Beasts
 22995 | Lair:6   | Found a gate leading to a gauntlet.
 23004 | Gauntlet | Entered a Gauntlet
 23004 | Gauntlet | Found a transporter.
 23004 | Gauntlet | Found a transporter.
 23008 | Gauntlet | Found a transporter.
 23017 | Gauntlet | Found a transporter.
 23041 | Gauntlet | Found a transporter.
 23055 | Gauntlet | Found a transporter.
 23057 | Gauntlet | Found a transporter.
 23081 | Gauntlet | Found a transporter.
 23089 | Gauntlet | Found a transporter.
 23093 | Gauntlet | Noticed a cacodemon
 23109 | Gauntlet | Found a transporter.
 23121 | Gauntlet | Found a transporter.
 23171 | Gauntlet | Found a transporter.
 23193 | Gauntlet | Found a transporter.
 23294 | Gauntlet | Found a transporter.
 23315 | Gauntlet | Found a transporter.
 23330 | Gauntlet | Found a transporter.
 23515 | Gauntlet | Got a vibrating brass ring
 23521 | Gauntlet | Got a smoking helmet
 23522 | Gauntlet | Identified the ring "Huurank" {Dex+3 SInv} (You found it in
                  | a Gauntlet)
 23533 | Gauntlet | Identified the cursed +0 helmet of Mosmempi {rF+ MR+} (You
                  | found it in a Gauntlet)
 23635 | Gauntlet | Reached skill level 13 in Polearms
 23831 | Gauntlet | Identified the ring "Muetiwo" {MP+9 Dex+6}
 23831 | Gauntlet | Noticed a minotaur
 23848 | Gauntlet | Killed a minotaur
 24240 | Lair:6   | Received a gift from Okawaru
 24537 | Lair:5   | Reached XP level 14. HP: 77/121 MP: 19/21
 25978 | D:5      | Bought a scroll of teleportation for 36 gold pieces
 25978 | D:5      | Bought a scroll of acquirement for 624 gold pieces
 25978 | D:5      | Bought a scroll of identify for 24 gold pieces
 25978 | D:5      | Bought a scroll of teleportation for 36 gold pieces
 25978 | D:5      | Bought a scroll of blinking for 90 gold pieces
 25978 | D:5      | Identified the ring "Naisec" {Wiz MP+9 Str+5} (You acquired
                  | it on level 5 of the Dungeon)
 26157 | D:12     | Received a gift from Okawaru
 26757 | D:12     | Received a gift from Okawaru
 26884 | D:13     | Found a gate to the Vaults.
 27052 | D:13     | Reached skill level 14 in Polearms
 28474 | D:14     | Found a burning altar of Makhleb.
 28538 | D:13     | Reached skill level 10 in Armour
 28905 | D:15     | Entered Level 15 of the Dungeon
 28972 | D:15     | Received a gift from Okawaru
 29297 | D:15     | Reached XP level 15. HP: 127/130 MP: 22/22
 29585 | D:15     | Found a staircase to the Depths.
 30062 | Orc:1    | Entered Level 1 of the Orcish Mines
 30527 | Orc:2    | Entered Level 2 of the Orcish Mines
 30584 | Orc:2    | Reached skill level 10 in Shields
 30650 | Orc:2    | Found Umari's Gadget Shop.
 30653 | Orc:2    | Found Ilicec's General Store.
 30950 | Orc:2    | Received a gift from Okawaru
 30951 | Orc:2    | Got a pair of twisted gloves {god gift}
 31050 | Orc:2    | Identified the +0 pair of gloves "Janwuats" {rC- Str+2
                  | Int+5} (Okawaru gifted it to you on level 2 of the Orcish
                  | Mines)
 31391 | Orc:2    | Found Bolil's Distillery.
 31391 | Orc:2    | Found Wedihi's General Store.
 31391 | Orc:2    | Found Nuicups's Jewellery Emporium.
 31391 | Orc:2    | Found Xaenkess's Antique Weapon Boutique.
 31418 | Orc:2    | Noticed Rupert
 31433 | Orc:2    | Killed Rupert
 31502 | Orc:2    | Noticed Maurice
 31509 | Orc:2    | Killed Maurice
 31608 | Orc:2    | Noticed an orc warlord
 31631 | Orc:2    | Killed an orc warlord
 31848 | Orc:2    | Found a staircase to the Elven Halls.
 32202 | Elf:1    | Entered Level 1 of the Elven Halls
 32748 | Shoals:1 | Entered Level 1 of the Shoals
 33335 | Shoals:1 | Reached XP level 16. HP: 145/145 MP: 23/23
 33883 | Shoals:2 | Received a gift from Okawaru
 33884 | Shoals:2 | Found the +12 glaive of Prune {vorpal}
 34038 | Shoals:2 | Got a faintly glowing war axe
 34040 | Shoals:2 | Identified the +5 war axe of Blind Justice {vorpal, Dex+6}
                  | (You found it on level 2 of the Shoals)
 34634 | Shoals:3 | Noticed a kraken
 34645 | Shoals:3 | Killed a kraken
 34817 | Shoals:3 | Received a gift from Okawaru
 34973 | Shoals:3 | Noticed a kraken
 35010 | Shoals:3 | Killed a kraken
 35536 | Shoals:4 | Entered Level 4 of the Shoals
 35937 | Shoals:4 | Got a scorched wooden ring
 35938 | Shoals:4 | Identified the ring of Tulips {*Slow +Fly rElec rC+ Slay+4}
                  | (You found it on level 4 of the Shoals)
 36337 | Shoals:4 | Received a gift from Okawaru
 36341 | Shoals:4 | Got a warped chain mail {god gift}
 36352 | Shoals:4 | Identified the +8 chain mail "Kuxaek" {rPois rN+ Str+6}
                  | (Okawaru gifted it to you on level 4 of the Shoals)
 36364 | Shoals:4 | Reached skill level 15 in Fighting
 36364 | Shoals:4 | Reached skill level 1 in Evocations
 36364 | Shoals:4 | Reached XP level 17. HP: 120/156 MP: 25/25
 36518 | Shoals:4 | Got a barnacled rune of Zot
 37038 | Shoals:4 | Reached skill level 1 in Throwing
 37634 | Snake:1  | Entered Level 1 of the Snake Pit
 38731 | Snake:1  | Noticed Aizul
 38748 | Snake:1  | Killed Aizul
 39027 | Snake:1  | Found a bloodstained altar of Trog.
 40065 | Snake:2  | Received a gift from Okawaru
 40065 | Snake:2  | Reached skill level 5 in Throwing
 40234 | Snake:2  | Reached skill level 5 in Evocations
 41107 | Snake:4  | Entered Level 4 of the Snake Pit
 41269 | Snake:3  | Noticed Azrael
 41276 | Snake:3  | Received a gift from Okawaru
 41286 | Snake:3  | Killed Azrael
 41295 | Snake:3  | Got a fine ring mail {god gift}
 41306 | Snake:3  | Identified the +0 ring mail of Nobbofeg {rF- MR+ Dex+6}
                  | (Okawaru gifted it to you on level 3 of the Snake Pit)
 42176 | Snake:4  | Reached XP level 18. HP: 147/163 MP: 26/26
 42433 | Snake:4  | Noticed Vashnia
 43031 | Snake:4  | Killed Vashnia
 43303 | Snake:4  | Received a gift from Okawaru
 43766 | Snake:4  | Reached skill level 15 in Shields
 43945 | Snake:4  | Got a serpentine rune of Zot
 44093 | Snake:4  | Received a gift from Okawaru
 44945 | Elf:1    | Noticed Jorgrun
 44952 | Elf:1    | Killed Jorgrun
 44998 | Elf:1    | Noticed Kirke
 45029 | Elf:1    | Killed Kirke
 45036 | Elf:1    | Identified Roxanne's Tome of the Mountains
 45036 | Elf:1    | Noticed Roxanne
 45059 | Elf:1    | Killed Roxanne
 45416 | Elf:1    | Received a gift from Okawaru
 45503 | Elf:2    | Noticed Agnes
 45568 | Elf:2    | Noticed an Ice Fiend
 45816 | Elf:2    | Killed Agnes
 45816 | Elf:2    | Received a gift from Okawaru
 45816 | Elf:2    | Reached XP level 19. HP: 170/170 MP: 27/27
 45851 | Elf:2    | Found a runed translucent gate.
 45851 | Elf:2    | Found a runed translucent gate.
 45852 | Elf:2    | Found a runed translucent gate.
 46547 | Elf:3    | Entered Level 3 of the Elven Halls
 47183 | Elf:3    | Received a gift from Okawaru
 47481 | Elf:3    | Identified the ring "Buriat" {rPois rF- Dex+2 Stlth+}
 47692 | Elf:3    | Identified the cursed +1 morningstar of Yzogokhle {venom,
                  | MR+}
 47692 | Elf:3    | Identified the ring "Pupogat" {Fire MR+ Slay+4}
 47700 | Elf:3    | Received a gift from Okawaru
 47735 | Elf:3    | Identified the ring "Jenyc" {Wiz rPois rF- Int+2 Dex+4}
 47845 | Elf:3    | Identified the ring of the Morning {Ice rPois Str+4 Dex-2
                  | Stlth+}
 47864 | Elf:3    | Received a gift from Okawaru
 48300 | Elf:3    | Identified the Guide on Nocuous Ice
 48366 | Elf:3    | Found the +2 pair of boots of the Assassin {Detection Stab+
                  | Stlth++}
 48497 | Elf:2    | Received a gift from Okawaru
 48652 | Elf:2    | Received a gift from Okawaru
 49133 | Vaults:1 | Entered Level 1 of the Vaults
 49373 | Vaults:1 | Reached XP level 20. HP: 162/180 MP: 29/29
 51104 | Vaults:2 | Received a gift from Okawaru
 51277 | Vaults:2 | Received a gift from Okawaru
 51474 | Vaults:2 | Received a gift from Okawaru
 51934 | Vaults:2 | Received a gift from Okawaru
 51986 | Vaults:2 | Received a gift from Okawaru
 51997 | Vaults:2 | Got a smoking helmet {god gift}
 52003 | Vaults:2 | Identified the +0 helmet of Pyexynoc {rCorr Str-3 Stlth+}
                  | (Okawaru gifted it to you on level 2 of the Vaults)
 52093 | Vaults:2 | Noticed Sojobo
 52127 | Vaults:2 | Killed Sojobo
 52127 | Vaults:2 | Reached skill level 15 in Polearms
 52127 | Vaults:2 | Reached XP level 21. HP: 105/189 MP: 30/30
 52433 | Vaults:3 | Noticed Boris
 52448 | Vaults:3 | Killed Boris
 52452 | Vaults:3 | Reached skill level 10 in Evocations
 52982 | Vaults:3 | Noticed Margery
 53009 | Vaults:3 | Killed Margery
 54074 | Vaults:3 | Noticed Xtahua
 54085 | Vaults:3 | Killed Xtahua
 54085 | Vaults:3 | Received a gift from Okawaru
 54088 | Vaults:3 | Got a shimmering centaur barding {god gift}
 54102 | Vaults:3 | Identified the -9 centaur barding of the Gusle {rF- Regen+
                  | Dex+2} (Okawaru gifted it to you on level 3 of the Vaults)
 54162 | Vaults:3 | Found a staircase to the Crypt.
 54336 | Vaults:3 | Identified the +3 bardiche of Beogh's Esteem {vorpal,
                  | *Drain rN+ Int+5 Dex+10} (You acquired it on level 3 of the
                  | Vaults)
 54872 | Vaults:3 | Reached skill level 16 in Polearms
 55429 | Vaults:4 | Noticed Boris
 55454 | Vaults:4 | Killed Boris
 55796 | Vaults:4 | Found a runed translucent gate.
 55796 | Vaults:4 | Found a runed translucent gate.
 55796 | Vaults:4 | Found a runed translucent gate.
 55801 | Vaults:4 | Noticed Taschum's ghost (adept DrAK)
 55857 | Vaults:4 | Killed Taschum's ghost
 55872 | Vaults:4 | Reached XP level 22. HP: 55/200 MP: 31/31
 55876 | Vaults:4 | Received a gift from Okawaru
 56838 | Vaults:4 | Found Sato's Jewellery Emporium.
 57207 | Depths:1 | Entered Level 1 of the Depths
 57218 | Depths:1 | Received a gift from Okawaru
 57530 | D:15     | Reached skill level 17 in Polearms
 58046 | Depths:1 | Found a gateway to a ziggurat.
 58116 | Depths:1 | Found a huge runed gate.
 58116 | Depths:1 | Found a huge runed gate.
 58116 | Depths:1 | Found a huge runed gate.
 58117 | Depths:1 | Found a huge runed gate.
 58120 | Depths:1 | Found a huge runed gate.
 58121 | Depths:1 | Found a huge runed gate.
 58130 | Depths:1 | Found a huge runed gate.
 58130 | Depths:1 | Found a huge runed gate.
 58130 | Depths:1 | Found a huge runed gate.
 58135 | Depths:1 | Found a huge runed gate.
 58136 | Depths:1 | Found a huge runed gate.
 58147 | Depths:1 | Found a huge runed gate.
 58152 | Depths:1 | Found a huge runed gate.
 58153 | Depths:1 | Found a huge runed gate.
 58161 | Depths:1 | Found a huge runed gate.
 58161 | Depths:1 | Found a huge runed gate.
 58162 | Depths:1 | Found a huge runed gate.
 58163 | Depths:1 | Found a huge runed gate.
 58175 | Depths:1 | Found a huge runed gate.
 58175 | Depths:1 | Found a huge runed gate.
 58175 | Depths:1 | Found a huge runed gate.
 58175 | Depths:1 | Found a huge runed gate.
 58175 | Depths:1 | Found a huge runed gate.
 58175 | Depths:1 | Found a huge runed gate.
 58175 | Depths:1 | Found a huge runed gate.
 58179 | Depths:1 | Found a huge runed gate.
 58182 | Depths:1 | Found a huge runed gate.
 58253 | Depths:1 | Received a gift from Okawaru
 58258 | Depths:1 | Got a smoking helmet {god gift}
 58269 | Depths:1 | Identified the -6 helmet of Patterns {MR+ MP+9} (Okawaru
                  | gifted it to you on level 1 of the Depths)
 58322 | Depths:1 | Found a huge runed gate.
 58322 | Depths:1 | Found a huge runed gate.
 58332 | Depths:1 | Found a huge runed gate.
 58332 | Depths:1 | Found a huge runed gate.
 58333 | Depths:1 | Found a huge runed gate.
 58335 | Depths:1 | Found a huge runed gate.
 58335 | Depths:1 | Found a huge runed gate.
 58337 | Depths:1 | Found a huge runed gate.
 58338 | Depths:1 | Found a huge runed gate.
 58411 | Depths:1 | Found a gateway to Hell.
 59102 | Depths:2 | Found a portal to a secret trove of treasure.
 59254 | Depths:2 | Noticed Boris
 59270 | Depths:2 | Killed Boris
 59324 | Depths:2 | Noticed a juggernaut
 59350 | Depths:2 | Killed a juggernaut
 59350 | Depths:2 | Reached XP level 23. HP: 208/209 MP: 32/32
 59362 | Depths:2 | Reached skill level 18 in Polearms
 59463 | Depths:2 | Identified the +4 lajatang "Dovaph" {freeze, rC++}
 59794 | Depths:2 | Found Puitetzu's Jewellery Shoppe.
 59847 | Depths:2 | Found Rocoask's Armour Emporium.
 60199 | Depths:3 | Upgraded the game from 0.25-a0-426-g7d9e569eea to
                  | 0.25-a0-435-g4b9beb1024
 60245 | Depths:3 | Received a gift from Okawaru
 60306 | Depths:3 | Got a pair of pitted gloves
 60307 | Depths:3 | Identified the +2 pair of gloves of the Sneaky Continents
                  | {rPois MR+ Stlth-} (You found it on level 3 of the Depths)
 60450 | Depths:3 | Found a one-way gate leading to the halls of Pandemonium.
 60495 | Depths:3 | Received a gift from Okawaru
 61325 | Depths:3 | Identified the ring of Limeba {*Tele Slay+3}
 61586 | Depths:3 | Paralysed by a floating eye for 2 turns
 61622 | Depths:3 | Received a gift from Okawaru
 62150 | Depths:4 | Found Xeoterchyu's Jewellery Boutique.
 62150 | Depths:4 | Found Ameg's Gadget Shoppe.
 62151 | Depths:4 | Found Ciohesa's Jewellery Boutique.
 62278 | Depths:4 | Noticed Saint Roka
 62316 | Depths:4 | Killed Saint Roka
 62536 | Depths:4 | Found a shimmering altar of Xom.
 62728 | Depths:4 | Reached skill level 19 in Polearms
 62741 | Depths:4 | Received a gift from Okawaru
 62925 | Depths:4 | Found a one-way gate to the infinite horrors of the Abyss.
 63004 | Depths:4 | Reached XP level 24. HP: 190/220 MP: 32/32
 63030 | Depths:4 | Found a glowing golden altar of the Shining One.
 63035 | Depths:4 | Paralysed by a floating eye for 4 turns
 63279 | Depths:5 | Entered Level 5 of the Depths
 63813 | Depths:5 | Received a gift from Okawaru
 64404 | Depths:5 | Found a gate to the Realm of Zot.
 65134 | Vaults:5 | Entered Level 5 of the Vaults
 65399 | Vaults:4 | Received a gift from Okawaru
 65421 | Vaults:4 | Got an ichor-stained centaur barding {god gift}
 65432 | Vaults:4 | Identified the +5 centaur barding "Yfoiplye" {rN+ Int+2
                  | SInv} (Okawaru gifted it to you on level 4 of the Vaults)
 65607 | Vaults:4 | Reached skill level 20 in Polearms
 65757 | Vaults:5 | Noticed an ancient lich
 65787 | Vaults:5 | HP: 7/221 [disintegration (28)]
 65788 | Vaults:5 | Mangled by a stone giant

Levels and vault maps discovered:
D:1:      minmay_arrival_five_plusses, layout_basic
D:2:      layout_rooms, chequers_ecumenical_altar_simple_redux, corexii_shack
D:3:      layout_rooms, portal_sewer_entry_e, cheibrodos_ashenzari_chains
D:4:      layout_basic, kennysheep_mini_moat
D:5:      layout_basic, first_ration, serial_shops, shop_scrolls,
          lemuel_old_faithful, uniq_prince_ribbit1
D:6:      layout_gridville, minmay_temple_entry_trees, minivault_11
D:7:      layout_gridville, lightli_church_of_beogh
D:8:      layout_layer_cave
D:9:      layout_rooms, grunt_ogre_cave, kennysheep_cluttered_room,
          chequers_serial_rivers_room_a, minmay_statue_crystal_thing, uniq_erica
D:10:     layout_loops_ring, lair_entry_dummy, hiddenorc1_lemuel, serial_shops,
          shop_fountains, disabler_island
D:11:     layout_stronghold, serial_shops, shop, shop,
          nrook_guardian_serpent_double
D:12:     layout_loops_ring
D:13:     cheibrodos_elevator_heist, layout_basic, david_vaults_4,
          kennysheep_windowed_goal
D:14:     layout_stronghold, basic_altar, nicolae_two_hexagons
D:15:     hangedman_depths_entry_try_elsewhere_first, layout_gridville,
          minmay_misc_feat_room
Temple:   kilobyte_greek_temple
Lair:1:   layout_chaotic_city, minivault_25
Lair:2:   layout_regular_city, serial_bayou_shore_b, uniq_harold
Lair:3:   layout_roguey [special_room_bee], guppyfry_snake_entry_garden,
          serial_bayou_shore_b, serial_bayou_shore_b
Lair:4:   layout_roguey, minmay_shoals_entry_centaurs
Lair:5:   beast_lair_carwin_large_3, layout_small_grid, slime_altar_1,
          portal_ice_cave_entry_pillars_1, grunt_megastairs_3,
          serial_bayou_shore_b, uniq_urug
Lair:6:   guppyfry_lair_end_dragon, layout_gridlike, gauntlet_entry_generic
Shoals:1: layout_shoals
Shoals:2: layout_shoals
Shoals:3: layout_shoals
Shoals:4: shoals_end_grunt_garden, layout_shoals
Snake:1:  layout_layer_cave, basic_altar, uniq_aizul
Snake:2:  layout_onion
Snake:3:  nicolae_sea_snake_s, layout_misc_corridors, drop_trap, uniq_azrael
Snake:4:  johnstein_snake_rune_scales, layout_misc_corridors, drop_trap
Orc:1:    layout_caves
Orc:2:    st_orc_ogre_mass, layout_diamond_mine, guppyfry_orc_lava_fort,
          uniq_maurice, uniq_rupert
Elf:1:    eino_elf_arrival_sip, layout_loops_corners, uniq_kirke, uniq_jorgrun,
          uniq_roxanne
Elf:2:    layout_geoelf_octagon, special_room [special_room_orc],
          nicolae_elf_big_sculpture_1, uniq_agnes
Elf:3:    grunt_elf_hall_diamonds, layout_loops_corners, drop_trap
Vaults:1: nicolae_vaults_network_s, vaults_room_boxed,
          nicolae_vaults_circle_grid_b, nicolae_vaults_little_squares_3,
          nicolae_vaults_big_ls, st_lines, v_rooms_1, vaults_dpeg_hooks,
          vaults_room_fours, v_pattern_5, nicolae_vaults_bisected_slash,
          layout_vaults_ring
Vaults:2: nicolae_vaults_triangles, nicolae_vaults_rhombus_7,
          ontoclasm_vaults_misaligned, v_misc_32, nicolae_vaults_alarming,
          vaults_room_large_hall, v_pattern_4, sword_in_stone,
          hangedman_vaults_maws, v_misc_19, v_misc_29, ontoclasm_vaults_twist,
          ontoclasm_vaults_fault, vaults_room_semicircle,
          layout_vaults_omnicross
Vaults:3: vaults_room_semicircle, minmay_crypt_entry_simple_plaza,
          nicolae_vaults_big_angled_halls, nicolae_vaults_circle_grid_a,
          nicolae_vaults_circle_grid_a, nicolae_vaults_windows_and_doors_thing,
          vaults_room_door_ring, nicolae_vaults_theta, vaults_dpeg_cross,
          nicolae_vaults_border_crossing, vaults_room_pool,
          layout_vaults_omnigrid, uniq_boris, uniq_margery, uniq_xtahua
Vaults:4: gammafunk_vaults_ghost_split, vaults_mumra_hexcomb, v_misc_29,
          ontoclasm_vaults_idyll, hangedman_vaults_maws,
          hangedman_vaults_unwind, v_misc_22, nicolae_vaults_rhombus_6,
          nicolae_vaults_specimen_jars, vaults_dpeg_encased_lava,
          nicolae_vaults_ninety_degrees, v_misc_8,
          ontoclasm_vaults_loading_screen, layout_vaults_maze, serial_shops,
          shop
Vaults:5: uniq_bai_suzhen
Depths:1: layout_cave_pools, enter_ziggurat_b, minmay_misc_feat_cross,
          hangedman_coc_ice_floe, st_stairs_8, not_door_vault_due
Depths:2: minmay_broken_ring, layout_cave_pools, enter_trove_5,
          grunt_hell_entry_dis_old, nicolae_twisting_strands, drop_trap,
          nrook_pool_corridor, minmay_shoptagon, minmay_staircase_statues
Depths:3: minmay_the_grid_4x2 [minmay_the_grid_minigrid_small_alt,
          minmay_the_grid_paths, minmay_the_grid_minigrid_large,
          minmay_the_grid_dragon_a, minmay_the_grid_x, minmay_the_grid_eight,
          minmay_the_grid_minigrid_medium, minmay_the_grid_prize_four_corners],
          layout_cave_shapes, hell_entry, pan_entry, abandoned_shop,
          infiniplex_staircase_river
Depths:4: minmay_inner_zag, layout_gridlike, hell_entry, serial_sigils,
          serial_sigils_hangedman_snap, serial_sigils_hangedman_writhe,
          serial_sigils_hangedman_snap, serial_sigils_hangedman_gut,
          abyss_entry, pan_entry, kennysheep_flooded_box, nrook_mini_vaults,
          hangedman_feature_mirror, minmay_staircase_windowed_small,
          minmay_shop_grove, uniq_saint_roka
Depths:5: grunt_x_marks_the_spot, layout_cave_shapes, hell_entry, st_stairs_14

Skill      XL: |  1  2  3  4  5  6  7  8  9 10 11 12 13 14 15 16 17 18 19 20 21 22 23 24 |
---------------+-------------------------------------------------------------------------+-----
Polearms       | 2 3 4 5 7 8 9 10 11 13 14 15 16 17 19 20 | 20.0
Shields        | 3 4 5 7 8 9 11 12 13 15 16 17 18 | 18.8
Invocations    | 1 2 5 9 10 11 12 13 | 13.0
Fighting       | 5 6 7 10 11 13 15 16 17 18 19 | 19.3
Armour         | 3 5 6 8 10 11 13 14 | 14.0
Evocations     | 1 6 7 8 9 10 | 10.0
Throwing       | 6 |  6.0

Action                   |  1- 3 |  4- 6 |  7- 9 | 10-12 | 13-15 | 16-18 | 19-21 | 22-24 || total
-------------------------+-------+-------+-------+-------+-------+-------+-------+-------++-------
Melee: Trident           |    91 |   184 |   619 |   462 |       |       |       |       ||  1356
       Kick              |    11 |    22 |   101 |   336 |   678 |   329 |   523 |   603 ||  2603
       Spear             |       |       |       |   669 |  1012 |       |       |       ||  1681
       Demon trident     |       |       |       |       |   838 |  1521 |  1546 |  1424 ||  5329
Throw: Dart              |     1 |     5 |    16 |    25 |    15 |       |       |       ||    62
       Boomerang         |       |       |       |     6 |       |       |       |       ||     6
       Javelin           |       |       |       |       |       |    69 |    15 |    38 ||   122
 Cast: Animate Skeleton  |       |       |       |       |     1 |       |       |       ||     1
Invok: Heroism           |       |       |       |     2 |     3 |       |     1 |       ||     6
Evoke: Wand              |       |       |     5 |     3 |     4 |     1 |     2 |       ||    15
       Sack of spiders   |       |       |       |       |       |     4 |       |       ||     4
       Box of beasts     |       |       |       |       |       |     1 |     8 |       ||     9
       Lightning rod     |       |       |       |       |       |       |    10 |     4 ||    14
       Lamp of fire      |       |       |       |       |       |       |       |     1 ||     1
  Use: Scroll            |     1 |       |    18 |    11 |    23 |    13 |     3 |     4 ||    73
       Potion            |       |       |       |       |    10 |     6 |       |     2 ||    18
 Stab: Confused          |       |       |       |       |     1 |       |       |       ||     1
  Eat: Chunk             |       |     3 |    22 |    25 |    31 |    22 |    28 |    26 ||   157
       Ration            |       |       |       |     1 |     2 |     4 |       |     1 ||     8
Armor: Scale mail        |    25 |    29 |    74 |       |    78 |       |       |       ||   206
       Chain mail        |       |       |    95 |   251 |    46 |   248 |   169 |   294 ||  1103
       Plate armour      |       |       |       |       |   253 |   146 |       |       ||   399
Dodge: Dodged            |    15 |    25 |    71 |    93 |    87 |    59 |    29 |    59 ||   438
Block: Shield            |    28 |    40 |   296 |   510 |   729 |   434 |       |       ||  2037
       Reflection        |       |       |     5 |    44 |    58 |   195 |    99 |   134 ||   535
       Large shield      |       |       |       |       |       |   567 |   735 |  1139 ||  2441

Table legend:
 A = Non-vault XP
 B = Vault XP
 C = Vault XP percentage of total XP
 D = Non-vault monster count
 E = Vault monster count
 F = Vault count percentage of total count
                 A         B        C        D         E       F
            +---------+---------+-------+---------+---------+-------
      Total |  604170 |  505976 |  45.6 |    1323 |     738 |  35.8
            +---------+---------+-------+---------+---------+-------
        D:1 |      21 |       0 |   0.0 |      12 |       0 |   0.0
        D:2 |      50 |       2 |   3.8 |      25 |       1 |   3.8
        D:3 |     169 |       0 |   0.0 |      36 |       0 |   0.0
        D:4 |       9 |       0 |   0.0 |       3 |       0 |   0.0
        D:5 |     593 |     283 |  32.3 |      21 |       1 |   4.5
        D:6 |     365 |       0 |   0.0 |      11 |       0 |   0.0
        D:7 |     600 |     601 |  50.0 |      11 |      25 |  69.4
        D:8 |    1099 |       0 |   0.0 |      19 |       0 |   0.0
        D:9 |    1945 |    1048 |  35.0 |      22 |       2 |   8.3
       D:10 |    3917 |     321 |   7.6 |      45 |      19 |  29.7
       D:11 |    3594 |     398 |  10.0 |      28 |       1 |   3.4
       D:12 |    4812 |       0 |   0.0 |      38 |       0 |   0.0
       D:13 |    9278 |    4048 |  30.4 |      33 |       8 |  19.5
       D:14 |    6390 |     791 |  11.0 |      21 |       2 |   8.7
       D:15 |   19697 |    2304 |  10.5 |      50 |       4 |   7.4
     Lair:1 |    5301 |     950 |  15.2 |      14 |       1 |   6.7
     Lair:2 |    2485 |       0 |   0.0 |      11 |       0 |   0.0
     Lair:3 |    8576 |    2017 |  19.0 |      22 |      26 |  54.2
     Lair:4 |    5789 |     452 |   7.2 |      29 |       4 |  12.1
     Lair:5 |    7992 |    4740 |  37.2 |      34 |      15 |  30.6
     Lair:6 |    4605 |    3639 |  44.1 |      23 |      14 |  37.8
   Shoals:1 |    9645 |       0 |   0.0 |      23 |       0 |   0.0
   Shoals:2 |   12612 |       0 |   0.0 |      26 |       0 |   0.0
   Shoals:3 |   19356 |       0 |   0.0 |      31 |       0 |   0.0
   Shoals:4 |   20234 |   15890 |  44.0 |      41 |      26 |  38.8
    Snake:1 |    9806 |    1692 |  14.7 |      19 |       1 |   5.0
    Snake:2 |   22443 |       0 |   0.0 |      42 |       0 |   0.0
    Snake:3 |    9233 |    6450 |  41.1 |      19 |      14 |  42.4
    Snake:4 |   25367 |   46327 |  64.6 |      40 |      66 |  62.3
      Orc:1 |    1105 |     599 |  35.2 |      24 |       1 |   4.0
      Orc:2 |    4412 |   30045 |  87.2 |      33 |      63 |  65.6
      Elf:1 |   10858 |    9022 |  45.4 |      18 |      10 |  35.7
      Elf:2 |    8112 |   34809 |  81.1 |      13 |      57 |  81.4
      Elf:3 |    5370 |   38630 |  87.8 |       9 |      25 |  73.5
   Vaults:1 |   40723 |   32141 |  44.1 |      58 |      53 |  47.7
   Vaults:2 |   21566 |   34845 |  61.8 |      41 |      39 |  48.8
   Vaults:3 |   37044 |   35177 |  48.7 |      67 |      32 |  32.3
   Vaults:4 |   49905 |   51906 |  51.0 |      71 |      56 |  44.1
   Vaults:5 |    1276 |    8517 |  87.0 |       2 |       5 |  71.4
   Depths:1 |   40777 |   14932 |  26.8 |      55 |      17 |  23.6
   Depths:2 |   40488 |   29007 |  41.7 |      54 |      17 |  23.9
   Depths:3 |   27252 |   38183 |  58.4 |      26 |      28 |  51.9
   Depths:4 |   53213 |   13955 |  20.8 |      58 |      24 |  29.3
   Depths:5 |   46086 |   32231 |  41.2 |      45 |      17 |  27.4
      Sewer |       0 |     616 | 100.0 |       0 |      28 | 100.0
      IceCv |       0 |    6013 | 100.0 |       0 |      25 | 100.0
   Gauntlet |       0 |    3395 | 100.0 |       0 |      11 | 100.0
            +---------+---------+-------+---------+---------+-------
